AoeStats
← thepig

Black Forest

506391440Analyzed
1v1 RM · 18d ago on Sep 13, 2026· 51m 16s· 2 players
Game mode
Random Map
Map size
Tiny (2 player)
Population
200
Speed
Normal
Resources
Standard
Victory
Conquest
Starting age
Dark Age
Ending age
Imperial Age
RankedLock teamsTeams togetherTeam positionsShared explorationLock speedFull tech treeHidden civsTurbo modeCheats
Victory
Defeat
🇧🇪 Ethiopians · Belgium
1010
+15
🇨🇳 Britons · China
988
-15
蜜花酱
7:57 Loom
12:06 Feudal Age
12:55 Double-Bit Axe
17:40 Castle Age
19:09 Bow Saw
22:22 Fishing Lines
24:33 Gillnets
27:31 Horse Collar
27:21 Crossbowman
29:39 Medium Warships
30:57 Fletching
34:03 Wheelbarrow
33:54 Yeomen
36:53 Imperial Age
37:23 Gold Mining
37:23 Stone Mining
38:09 Conscription
37:49 Warwolf
38:53 Chemistry
37:59 Siege Engineers
38:16 Ballistics
38:39 Hand Cart
38:12 Town Watch
38:27 Bodkin Arrow
38:32 Padded Archer Armor
39:53 Bracer
40:08 Leather Archer Armor
40:21 Elite Longbowman
44:19 Hoardings
43:45 Murder Holes
45:10 Gold Shaft Mining
45:50 Ring Archer Armor
45:09 Arrowslits
45:42 Guilds
48:00 Forging
47:56 Scale Barding Armor
48:23 Masonry
47:44 Cavalier
48:27 Husbandry
49:41 Iron Casting
49:50 Chain Barding Armor
thepig
5:28 Loom
10:21 Loom
12:11 Feudal Age
12:44 Double-Bit Axe
12:40 Horse Collar
18:25 Castle Age
18:25 Fletching
18:35 Crossbowman
19:55 Bow Saw
21:18 Town Watch
24:21 Wheelbarrow
25:22 Hand Cart
25:42 Forging
28:17 Squires
28:57 Iron Casting
29:28 Loom
29:56 Bodkin Arrow
32:13 Gold Mining
32:25 Heavy Plow
35:23 Imperial Age
34:20 Padded Archer Armor
34:50 Ballistics
34:35 Scale Mail Armor
36:05 Leather Archer Armor
35:59 Thumb Ring
37:11 Chemistry
36:14 Bracer
35:58 Arbalester
36:46 Thumb Ring
37:21 Ring Archer Armor
36:31 Elite Skirmisher
38:25 Siege Engineers
39:14 Torsion Engines
43:15 Conscription
44:09 Two-Man Saw
Connection lost

Rejoining the realm…

Still unreachable

The connection could not be restored.

Session expired

The server has moved on; the page needs a fresh start.